AoeStats
← Suteu

Fortress

508462739Analyzed
4v4 RM · 10d ago on Sep 22, 2026· 79m 24s· 8 players
Game mode
Random Map
Map size
Huge
Population
200
Speed
Normal
Resources
Standard
Victory
Conquest
Starting age
Dark Age
Ending age
Imperial Age
RankedLock teamsTeams togetherTeam positionsShared explorationLock speedFull tech treeHidden civsTurbo modeCheats
Victory
Defeat
🇦🇷 Mongols · Argentina
1174
+16
🇪🇸 Sicilians · Spain
1140
+17
🇳🇱 Spanish · Netherlands
1098
+18
🇳🇱 Britons · Netherlands
1098
+19
🇷🇺 Varangians · Russia
1193
-19
🇷🇴 Danes · Romania
1175
-18
🇺🇸 Hindustanis · United States
1153
-17
🇵🇱 Saxons · Poland
1121
-16
[JB]zhenghui9900
7:40 Feudal Age
11:31 Castle Age
9:42 Double-Bit Axe
11:13 Horse Collar
14:08 Wheelbarrow
14:09 Bow Saw
14:49 Loom
16:08 Hand Cart
20:15 Gold Mining
23:57 Imperial Age
22:25 Scale Barding Armor
22:31 Forging
23:04 Scale Mail Armor
23:32 Stone Mining
24:30 Husbandry
26:37 Two-Man Saw
25:22 Heavy Camel Rider
26:47 Gold Shaft Mining
26:31 Chain Mail Armor
26:57 Iron Casting
27:34 Conscription
27:16 Grand Trunk Road
28:30 Bloodlines
29:30 Chain Barding Armor
28:46 Elite Ghulam
31:07 Plate Barding Armor
30:25 Elite Skirmisher
31:11 Thumb Ring
30:58 Fletching
32:08 Blast Furnace
32:36 Bodkin Arrow
34:40 Bracer
34:41 Padded Archer Armor
36:08 Chemistry
36:32 Ballistics
38:26 Imperial Camel Rider
43:14 Light Cavalry
46:05 Hussar
54:10 Caravan
57:37 Shatagni
70:11 Leather Archer Armor
Suteu
3:03 Loom
8:38 Feudal Age
9:38 Horse Collar
9:44 Double-Bit Axe
10:08 Fletching
10:24 Town Watch
10:40 Gold Mining
15:20 Castle Age
13:52 Man-at-Arms
15:26 Stone Mining
17:42 Forging
19:52 Squires
20:43 Scale Mail Armor
21:20 Iron Casting
21:49 Wheelbarrow
21:28 Bow Saw
24:20 Elite Skirmisher
25:36 Chain Mail Armor
26:05 Padded Archer Armor
26:01 Bodkin Arrow
27:21 Gold Shaft Mining
31:59 Imperial Age
31:42 Stone Shaft Mining
34:08 Arson
35:25 Blast Furnace
35:16 Conscription
34:44 Onager
37:29 Elite Jomsviking
38:20 Capped Ram
38:42 Hamask
40:33 Leather Archer Armor
44:55 Plate Mail Armor
46:04 Bracer
57:38 Heavy Plow
61:04 Hand Cart
61:54 Caravan
65:56 Ring Archer Armor
73:16 Thumb Ring
kubeszek
8:38 Feudal Age
8:28 Loom
12:09 Castle Age
10:04 Horse Collar
11:32 Double-Bit Axe
15:56 Squires
16:34 Heavy Plow
16:51 Town Watch
18:09 Scale Mail Armor
18:51 Gambesons
22:08 Wheelbarrow
25:43 Imperial Age
23:37 Forging
23:48 Gold Mining
24:09 Bow Saw
25:03 Hand Cart
24:45 Fletching
25:45 Ballistics
26:10 Chain Mail Armor
27:03 Conscription
27:36 Shield Wall
29:24 Plate Mail Armor
29:02 Elite Hearth Troop
29:30 Elite Skirmisher
30:07 Bodkin Arrow
31:19 Chemistry
30:10 Arson
30:38 Elite Varangian Guard
32:23 Bracer
32:32 Caravan
34:35 Thumb Ring
35:47 Padded Archer Armor
36:03 Town Patrol
36:42 Leather Archer Armor
36:42 Guard Tower
36:38 Arrowslits
37:56 Ring Archer Armor
40:58 Siege Engineers
42:30 Iron Casting
45:38 Fortified Wall
46:15 Devotion
45:38 Clerical Recruitment
51:03 Capped Ram
52:35 Coinage
54:04 Guilds
56:35 Cranequins
61:13 Keep
60:24 Arrowslits
61:24 Heavy Mounted Crossbowman
62:22 Murder Holes
65:54 Scale Barding Armor
65:55 Treadmill Crane
68:59 Pikeman
70:37 Chain Barding Armor
70:00 Halberdier
74:03 Masonry
Él nachos
7:43 Feudal Age
8:17 Horse Collar
8:24 Double-Bit Axe
13:31 Castle Age
12:39 Gold Mining
13:46 Double-Bit Axe
16:53 Bow Saw
17:51 Wheelbarrow
20:51 Town Watch
25:12 Husbandry
25:36 Hand Cart
28:50 Imperial Age
27:02 Bloodlines
27:25 Forging
27:24 Scale Barding Armor
28:52 Iron Casting
29:07 Stone Mining
29:20 Elite Jarl
30:21 Conscription
31:46 Blast Furnace
31:07 Chain Barding Armor
31:10 Conscription
33:11 Two-Man Saw
32:14 Treadmill Crane
35:20 Plate Barding Armor
35:36 Caravan
37:19 Ballistics
37:42 Heavy Plow
39:28 Guilds
39:49 Coinage
39:26 Loom
39:41 Town Patrol
39:35 Fletching
39:45 Padded Archer Armor
39:48 Scale Mail Armor
45:27 Elite Skirmisher
46:24 Leather Archer Armor
46:06 Bodkin Arrow
46:53 Banking
47:56 Chemistry
46:52 Murder Holes
47:41 Ring Archer Armor
47:44 Bracer
48:45 Masonry
52:09 Chain Mail Armor
63:15 Plate Mail Armor
timon_1994
7:29 Feudal Age
8:26 Double-Bit Axe
8:24 Horse Collar
13:36 Castle Age
13:02 Loom
14:41 Bow Saw
14:34 Heavy Plow
18:07 Wheelbarrow
18:06 Gold Mining
18:09 Stone Mining
20:48 Gold Shaft Mining
25:34 Imperial Age
23:54 Fletching
24:04 Padded Archer Armor
24:27 Ballistics
24:21 Masonry
25:00 Fortified Wall
25:14 Town Watch
26:32 Leather Archer Armor
26:12 Bodkin Arrow
26:47 Hand Cart
27:07 Coinage
27:02 Conscription
28:11 Ring Archer Armor
28:28 Yeomen
29:22 Bracer
28:47 Elite Longbowman
31:52 Pikeman
33:15 Hoardings
32:53 Forging
32:44 Scale Mail Armor
35:35 Halberdier
36:34 Chain Mail Armor
36:55 Iron Casting
37:30 Two-Man Saw
38:31 Architecture
38:08 Siege Engineers
39:04 Chemistry
38:00 Murder Holes
38:15 Caravan
38:42 Squires
40:04 Plate Mail Armor
40:35 Blast Furnace
41:25 Man-at-Arms
42:45 Long Swordsman
43:11 Gambesons
43:22 Two-Handed Swordsman
61:30 Champion
72:47 Banking
spudybudy
7:06 Feudal Age
6:09 Loom
11:24 Castle Age
9:15 Horse Collar
9:50 Gold Mining
10:29 Fletching
10:31 Double-Bit Axe
13:24 Wheelbarrow
20:02 Bloodlines
19:53 Husbandry
21:14 Bodkin Arrow
21:20 Padded Archer Armor
22:59 Leather Archer Armor
25:49 Bow Saw
33:47 Imperial Age
31:29 Stone Mining
33:31 Hand Cart
34:57 Conscription
34:03 Elite Conquistador
35:04 Conscription
34:30 Capped Ram
35:10 Cavalier
36:09 Forging
37:51 Iron Casting
38:31 Scale Barding Armor
40:33 Bracer
42:48 Chemistry
43:32 Blast Furnace
42:53 Chain Barding Armor
43:58 Caravan
44:34 Siege Ram
47:15 Fortified Wall
48:29 Pikeman
49:09 Squires
49:14 Scale Mail Armor
50:31 Chain Mail Armor
50:29 Halberdier
54:22 Plate Barding Armor
54:18 Plate Mail Armor
56:15 Two-Man Saw
56:52 Heavy Plow
56:55 Paladin
Cabeza
6:34 Feudal Age
10:41 Castle Age
9:27 Double-Bit Axe
9:38 Horse Collar
14:39 Bow Saw
16:54 Heavy Plow
17:19 Loom
20:29 Wheelbarrow
20:15 Gold Mining
21:58 Stone Mining
26:31 Imperial Age
24:40 Hand Cart
24:29 Fletching
24:40 Padded Archer Armor
25:12 Bodkin Arrow
25:45 Husbandry
26:23 Leather Archer Armor
27:14 Bracer
27:37 Conscription
29:10 Chemistry
30:10 Ballistics
30:06 Bloodlines
30:28 Parthian Tactics
30:11 Thumb Ring
30:33 Capped Ram
31:19 Elite Mangudai
31:34 Siege Ram
32:54 Gold Shaft Mining
32:36 Nomads
33:08 Drill
42:54 Caravan
50:24 Elite Skirmisher
63:21 Scale Barding Armor
63:27 Forging
65:51 Chain Barding Armor
66:06 Iron Casting
64:57 Light Cavalry
65:47 Hussar
70:54 Blast Furnace
COBREL8A
7:07 Feudal Age
11:55 Castle Age
12:48 Loom
16:52 Fletching
19:30 Bodkin Arrow
21:27 Horse Collar
23:55 Town Watch
28:45 Husbandry
28:58 Bloodlines
29:16 Forging
29:12 Scale Barding Armor
29:13 Light Cavalry
37:34 Iron Casting
37:20 Chain Barding Armor
47:02 Imperial Age
45:10 Wheelbarrow
44:36 Town Patrol
48:00 Hand Cart
48:54 Blast Furnace
48:30 Plate Barding Armor
47:55 Bracer
48:59 Conscription
61:59 Padded Archer Armor
62:00 Scale Mail Armor
62:11 Double-Bit Axe
67:07 Heavy Plow
67:20 Bow Saw
71:15 Hoardings
74:34 Crop Rotation
76:03 Cavalier
Connection lost

Rejoining the realm…

Still unreachable

The connection could not be restored.

Session expired

The server has moved on; the page needs a fresh start.